 Dungeon Crawl Stone Soup version 0.28-a0-724-g66f9036eb4 (webtiles) character file.

Game seed: 6989607999123040932

5194 lawman0 the Summoner (level 10, -1/71 HPs)
             Began as a Barachi Summoner on Oct 25, 2021.
             Was an Initiate of Gozag.
             Slain by a slime creature (19 damage)
             ... on level 8 of the Dungeon on Oct 26, 2021.
             The game lasted 00:20:29 (10212 turns).

lawman0 the Summoner (Barachi Summoner)            Turns: 10212, Time: 00:20:30

Health: -1/71      AC:  5    Str:  9    XL:     10   Next: 60%
Magic:  23/29      EV: 13    Int: 20    God:    Gozag
Gold:   556        SH:  0    Dex: 18    Spells: 15/23 levels left

rFire   + . .      SeeInvis .   h - +3 long sword
rCold   . . .      Faith    .   (no shield)
rNeg    . . .      Spirit   .   r - +2 leather armour {rF+}
rPois   .          Reflect  .   (no helmet)
rElec   .          Harm     .   (no cloak)
rCorr   .          Rampage  .   (no gloves)
Will    .....                   (no boots)
Stlth   ++........              (no amulet)
HPRegen 0.21/turn               o - ring of magical power
MPRegen 0.21/turn               w - +6 ring of dexterity

@: slow
A: amphibious, slowness 1, strong legs 1, +LOS
a: Hop, Renounce Religion, Potion Petition, Call Merchant, Bribe Branch


You were on level 8 of the Dungeon.
You worshipped Gozag.
Gozag was pleased with you.
You visited 2 branches of the dungeon, and saw 9 of its levels.

You collected 1250 gold pieces.
You spent 52 gold pieces at shops.
You paid 642 gold pieces to Gozag.

Inventory:

Hand Weapons
 h - a +3 long sword (weapon)
 s - a +2 rapier of speed
Missiles
 c - 96 poisoned darts (quivered)
 f - 2 silver javelins
 q - a throwing net
Armour
 r - a +2 leather armour of fire resistance (worn)
Jewellery
 a - a ring of see invisible
 i - a +6 ring of strength
 o - a ring of magical power (left hand)
 w - a +6 ring of dexterity (right hand)
 y - a ring of resist corrosion
Wands
 d - a wand of mindburst (17)
Scrolls
 b - 3 scrolls of amnesia
 e - 2 scrolls of fog
 g - a scroll of enchant weapon {unknown}
 j - a scroll of fear {unknown}
 l - a scroll of blinking
 n - 3 scrolls of teleportation
 p - a scroll of enchant armour {unknown}
 v - 2 scrolls of holy word {unknown}
Potions
 k - a potion of mutation {unknown}
 m - a potion of degeneration
 t - a potion of might
 u - a potion of haste
 x - 2 potions of flight {unknown}
 z - 2 potions of resistance


   Skills:
 + Level 4.1 Fighting
 * Level 2.6 Long Blades
 + Level 0.9 Throwing
 + Level 4.6 Armour
 + Level 4.3 Dodging
 + Level 3.4 Stealth
 + Level 7.2 Spellcasting
 * Level 12.7 Summonings
 * Level 5.9 Air Magic


You had 15 spell levels left.
You knew the following spells:

 Your Spells              Type           Power      Damage    Failure   Level
a - Summon Small Mammal   Summ           100%       N/A       1%          1
b - Call Canine Familiar  Summ           55%        N/A       1%          3
c - Summon Lightning Spi  Summ/Air       44%        N/A       2%          4

Your spell library contained the following spells:

 Spells                   Type           Power      Damage    Failure   Level
 Call Imp                 Summ           55%        N/A       1%          2
 Summon Guardian Golem    Hex/Summ       32%        N/A       2%          3
 Freeze                   Ice            28%        1d5       12%         1
 Sublimation of Blood     Necr           3%         N/A       19%         2
 Wereblood                Tmut           7%         N/A       19%         2
 Frozen Ramparts          Ice            14%        1d3       36%         3
 Summon Hydra             Summ           27%        N/A       47%         7
 Hailstorm                Conj/Ice       7%         3d4       77%         4


Dungeon Overview and Level Annotations

Branches:
Dungeon (8/15)             Temple (1/1) D:6
   Lair: D:8-11

Altars:
Ashenzari
Cheibriados
Dithmenos
Fedhas
Gozag
Hepliaklqana
Kikubaaqudgha
Nemelex Xobeh
Okawaru
Ru
Uskayaw
Vehumet
Wu Jian
Yredelemnul
Zin

Shops:
D:8 (*


Innate Abilities, Weirdness & Mutations

You are amphibious.
You cover ground slowly.
You can hop short distances.
You have an extended range of vision and can be seen from far away.


Message History

You see here a +0 short sword.
An endoplasm comes into view.
Casting: Summon Lightning Spire (dangerous; 2% risk of failure)
Confirm with . or Enter, or press ? or * to list all spells.
An electric hum fills the air.
The endoplasm quivers.
Unknown command.
You slash the endoplasm!
You kill the endoplasm!
Found a rat skeleton.
You now have 556 gold pieces (gained 3).
An endoplasm, 2 jellies and 2 slime creatures come into view.
Found two bat skeletons, a rat skeleton, a goblin skeleton and 21 gold pieces.
Casting: Summon Lightning Spire (dangerous; 2% risk of failure)
Confirm with . or Enter, or press ? or * to list all spells.
An electric hum fills the air.
The slime creature quivers. x2; The jelly quivers.
Your lightning spire disappears in a puff of smoke!
Unknown command.
The jelly barely misses your lightning spire.
The slime creature hits you!
Unknown command.
You hit the slime creature.
The slime creature is lightly wounded.
The jelly hits your lightning spire but does no damage.
The slime creature hits you.
Your lightning spire shoots out a bolt of lightning at the jelly!
The bolt of electricity hits the jelly!
The jelly hits your lightning spire but does no damage.
You slash the slime creature!
The slime creature is lightly wounded.
The slime creature hits you.
The endoplasm hits your lightning spire but does no damage.
The jelly jiggles.
The slime creature hits you!
* * * LOW HITPOINT WARNING * * *
The jelly hits your lightning spire but does no damage.
The slime creature hits you!!
You die...
Your body crumbles into a pile of gold.

####.## #.......##...............
# #..###.......##.....##########
# ##..##.......##.....# #≈≈≈≈≈≈
#.######....###.)..####......
##.###..'....# #.)............
#..##.######## #.).)####......
####..###....).## #....# #≈≈≈≈≈≈
#.....# #######.###....##########
......##....JJ8J@##..............
......##..÷..J.J.##..............
......##..÷......##..............
......##......÷..##..............
......##....÷....##..............
......##$........##..............
......#############..............
......#############..............
.................................


You could see 2 slime creatures, 2 jellies, an endoplasm and a friendly
lightning spire (summoned).

Vanquished Creatures
  A black bear (D:6)
  A necrophage (D:5)
  A centaur (D:8)
  2 jellies (D:8)
  A hound (D:2)
  An orc priest (D:4)
  An orc wizard (D:6)
  An adder (D:5)
  A white imp (D:6)
  An ufetubus (D:5)
  2 orcs (D:6)
  5 endoplasms
  2 goblins
  2 hobgoblins (D:2)
  4 kobolds
  3 quokkas
  2 ball pythons
  A bat (D:3)
  4 rats
36 creatures vanquished.

Vanquished Creatures (collateral kills)
  A two-headed ogre (D:8)
  Pikel (D:7)
  A troll (D:6)
  A hornet (D:7)
  Grinder (D:3)
  A steam dragon (D:5)
  Menkaure (D:6)
  Edmund (D:4)
  2 water moccasins
  An ice beast (D:6)
  An orc warrior (D:7)
  2 black bears
  2 ogres
  3 necrophages
  2 centaurs (D:8)
  3 lemures (D:7)
  A phantom (D:4)
  7 kobold brigands (D:8)
  2 bullfrogs
  A water moccasin zombie (D:5)
  2 scorpions
  5 wights (D:7)
  2 howler monkeys (D:4)
  A bullfrog zombie (D:5)
  2 jellies
  A bullfrog skeleton (D:5)
  An orc priest (D:7)
  An iron imp (D:7)
  A scorpion zombie (D:5)
  2 iguanas (D:6)
  3 orc wizards
  A howler monkey zombie (D:8)
  4 gnolls
  2 adders
  An ufetubus (D:4)
  An adder skeleton (D:4)
  A worm (D:2)
  A dart slug (D:2)
  18 orcs
  2 bat zombies (D:8)
  9 endoplasms
  2 giant cockroaches (D:1)
  5 goblins
  4 hobgoblins
  A quokka (D:2)
  5 ball pythons
  3 bats
  A frilled lizard (D:2)
  10 kobolds (D:8)
  A rat (D:1)
128 creatures vanquished.

Vanquished Creatures (others)
  11 fungi (D:8)
  28 plants (D:5)
  6 toadstools (D:8)
45 creatures vanquished.

Grand Total: 209 creatures vanquished

Notes
Turn   | Place    | Note
-------+----------+-------------------------------------------
     0 | D:1      | lawman0 the Barachi Summoner began the quest for the Orb.
     0 | D:1      | Reached XP level 1. HP: 13/13 MP: 3/3
     7 | D:1      | Noticed a salamander
     7 | D:1      | Noticed a redback
     7 | D:1      | Noticed a snapping turtle
     7 | D:1      | Noticed a black bear
    98 | D:1      | Reached skill level 5 in Summonings
   177 | D:1      | Reached XP level 2. HP: 17/19 MP: 1/5
  1014 | D:2      | Reached skill level 6 in Summonings
  1014 | D:2      | Reached XP level 3. HP: 19/24 MP: 3/6
  1171 | D:2      | Reached XP level 4. HP: 30/30 MP: 4/7
  1377 | D:2      | Reached skill level 1 in Armour
  1907 | D:3      | Noticed a bullfrog
  1921 | D:3      | Killed a bullfrog
  1922 | D:3      | Reached XP level 5. HP: 29/36 MP: 4/9
  1936 | D:3      | Learned a level 3 spell: Call Canine Familiar
  1941 | D:3      | Learned a level 4 spell: Summon Lightning Spire
  2065 | D:3      | Noticed Grinder
  2113 | D:3      | Killed Grinder
  2114 | D:3      | Reached skill level 1 in Fighting
  2114 | D:3      | Reached skill level 7 in Summonings
  2114 | D:3      | Reached XP level 6. HP: 18/43 MP: 2/11
  2888 | D:4      | Noticed a black bear
  2896 | D:4      | Killed a black bear
  2896 | D:4      | Noticed a necrophage
  2897 | D:4      | Reached XP level 7. HP: 24/48 MP: 10/12
  2906 | D:4      | Reached skill level 8 in Summonings
  3232 | D:4      | Noticed Edmund
  3277 | D:4      | Killed Edmund
  3709 | D:4      | Reached skill level 9 in Summonings
  3709 | D:4      | Reached XP level 8. HP: 33/54 MP: 12/14
  3821 | D:5      | Entered Level 5 of the Dungeon
  4833 | D:5      | Reached skill level 5 in Spellcasting
  4833 | D:5      | Reached skill level 10 in Summonings
  5691 | D:6      | Found a broken altar of Ashenzari.
  5751 | D:6      | Noticed a troll
  5776 | D:6      | Killed a troll
  5777 | D:6      | Reached skill level 1 in Air Magic
  5777 | D:6      | Reached XP level 9. HP: 7/63 MP: 4/17
  6152 | D:6      | Reached skill level 11 in Summonings
  6295 | D:6      | Found a staircase to the Ecumenical Temple.
  6305 | Temple   | Entered the Ecumenical Temple
  6521 | D:6      | Identified a scroll of acquirement
  6521 | D:6      | Acquired 609 gold pieces
  6836 | D:6      | Noticed Menkaure
  6841 | D:6      | Killed Menkaure
  7397 | D:7      | Noticed Pikel
  7412 | D:7      | Killed Pikel
  7462 | D:7      | Reached skill level 12 in Summonings
  7462 | D:7      | Reached XP level 10. HP: 71/71 MP: 11/20
  7666 | D:7      | Found a snail-covered altar of Cheibriados.
  7877 | D:7      | Paralysed by a hornet for 2 turns
  7882 | D:7      | Reached skill level 1 in Long Blades
  8415 | D:8      | Found Urrelam's Weapon Shop.
  8477 | D:8      | Found an opulent altar of Gozag.
  8478 | D:8      | Found a glowing silver altar of Zin.
  8493 | D:8      | Upgraded the game from 0.28-a0-723-g095bd1b44f to
                  | 0.28-a0-724-g66f9036eb4
  8493 | D:8      | Became a worshipper of Gozag Ym Sagoz the Greedy
  8494 | D:8      | golddddddddddddddddd
  8547 | D:8      | Bought a potion of might for 52 gold pieces
  8570 | D:8      | Reached skill level 5 in Air Magic
  8705 | D:8      | Noticed a two-headed ogre
  8720 | D:8      | Killed a two-headed ogre
  9329 | D:8      | Found an iron altar of Okawaru.
 10155 | D:8      | Found an ancient bone altar of Kikubaaqudgha.
 10212 | D:8      | Slain by a slime creature

Illustrated notes

.................................
.................................
.................................
................................$
.................................
.................................
..............#########........>.
..............#.......#..........
..............#.@..._.#.......)..
............".#.......#.......)..
..............##.....##..........
...............###'###....)......
.................#...............
..............####...........####
.............## #.........### #
..........<..# #......##..# #
.............# #.....####..# #


Turn 8494 on D:8: golddddddddddddddddd

Levels and vault maps discovered:
D:1:      onia_arrival_zoo_common, layout_loops_ring, minivault_23
D:2:      layout_basic
D:3:      layout_loops_cross, uniq_grinder
D:4:      layout_rooms, uniq_edmund
D:5:      layout_layer_cave, serial_bayou, serial_bayou_ford_a,
          serial_bayou_pond_d, serial_bayou_pond_d, serial_bayou_pond_c,
          minmay_misc_feat_x
D:6:      layout_cave_pools, mainiacjoe_overflow_24_doors,
          minmay_temple_entry_antechambers, st_stairs_7,
          hangedman_abyss_or_decor_lesser_grid, dk_noncrumbling_4,
          dk_rats_in_the_wall, uniq_menkaure
D:7:      layout_basic, slow_altar_1, uniq_pikel
D:8:      cheibrodos_fertilizer, layout_layer_cave,
          grunt_temple_overflow_gold_and_silver, okawaru_altar_gauntlet_db,
          lemuel_zombie_altar_kikubaaqudgha, serial_shops, shop, minivault_1,
          hex_large, minmay_diced_spiral
Temple:   nicolae_temple_figure_zero

Skill      XL: |  1  2  3  4  5  6  7  8  9 10 |
---------------+-------------------------------+-----
Summonings     | 5 6 7 9 10 12 | 12.7
Armour         | 1 2 3 4 |  4.6
Spellcasting   | 3 4 5 6 7 |  7.2
Fighting       | 1 3 4 |  4.1
Stealth        | 2 3 |  3.4
Dodging        | 3 4 |  4.3
Air Magic      | 1 4 5 |  5.9
Long Blades    | 2 |  2.6
Throwing       | |  0.9

Action                   |  1- 3 |  4- 6 |  7- 9 | 10-12 || total
-------------------------+-------+-------+-------+-------++-------
Melee: Spear             |    42 |    72 |    15 |       ||   129
       Flail             |       |       |    21 |       ||    21
       Rapier            |       |       |    84 |     4 ||    88
       Long sword        |       |       |       |    43 ||    43
Throw: Dart              |       |       |     3 |    13 ||    16
 Cast: Summon Small Mamm |    27 |    19 |    17 |       ||    63
       Call Canine Famil |       |     8 |    20 |     2 ||    30
       Summon Lightning  |       |       |    15 |    21 ||    36
Invok: Call Merchant     |       |       |       |     1 ||     1
 Abil: Hop               |       |       |     1 |       ||     1
Evoke: Wand              |       |       |       |     1 ||     1
  Use: Scroll            |       |     2 |     6 |     1 ||     9
       Potion            |       |       |     5 |     2 ||     7
 Stab: Sleeping          |     1 |     2 |       |       ||     3
       Distracted        |       |       |     2 |       ||     2
Armor: Robe              |     4 |       |       |       ||     4
       Leather armour    |    10 |    13 |    33 |    15 ||    71
Dodge: Dodged            |    21 |    37 |    85 |    63 ||   206

Table legend: (Time is in decaauts)
 A = Elapsed time spent in this place.
 B = Non-inter-level travel time spent in this place.
 C = Inter-level travel time spent in this place.
 D = Time resting spent in this place.
 E = Time spent auto-exploring this place.
 F = Levels seen in this place.
 G = Mean time per level.
                   A        B        C        D        E       F      G
               +--------+--------+--------+--------+--------+-----+--------+
         Total |  11321 |  11121 |    200 |   1302 |   7687 |   9 | 1257.9 |
       Dungeon |  11116 |  10923 |    193 |   1302 |   7555 |   8 | 1389.5 |
        Temple |    204 |    197 |      7 |      0 |    132 |   1 |  204.0 |
               +--------+--------+--------+--------+--------+-----+--------+

Top non-repeatable levels by time:
     D:8: 2137 daAuts
     D:5: 2010 daAuts
     D:6: 1596 daAuts
     D:3: 1191 daAuts
     D:7: 1148 daAuts
     D:1: 1076 daAuts
     D:2: 1017 daAuts
     D:4: 938 daAuts
  Temple: 204 daAuts
